 Dungeon Crawl Stone Soup version 0.23.0 (webtiles) character file.

Game seed: 486025634871486040

45 Flure the Ducker (level 3, 0/27 HPs)
             Began as a Demonspawn Gladiator on Feb 17, 2019.
             Was a Plaything of Xom.
             Slain by an iron imp (7 damage)
             ... summoned by Natasha
             ... on level 2 of the Dungeon.
             The game lasted 00:01:57 (1074 turns).

Flure the Ducker (Demonspawn Gladiator)             Turns: 1074, Time: 00:01:58

Health: 0/27       AC:  3    Str: 14    XL:     3   Next: 42%
Magic:  3/3        EV: 13    Int: 14    God:    Xom [..*...]
Gold:   66         SH:  0    Dex: 15    Spells: 2/2 levels left

rFire    . . .     SeeInvis .   a - +0 quarterstaff
rCold    + . .     Gourm    .   (shield currently unavailable)
rNeg     . . .     Faith    .   b - +0 leather armour
rPois    .         Spirit   .   (helmet restricted)
rElec    .         Reflect  .   (no cloak)
rCorr    .         Harm     .   (no gloves)
MR       .....                  (no boots)
Stlth    +.........             (no amulet)
HPRegen  0.09/turn              (no ring)
MPRegen  0.08/turn              (no ring)

@: brilliant, slowed, very slow
A: horns 1, cold resistance 1
a: Renounce Religion


You were on level 2 of the Dungeon.
You worshipped Xom.
You were a toy of Xom.
You were hungry.

You visited 1 branch of the dungeon, and saw 2 of its levels.

You collected 66 gold pieces.

Inventory:

Hand Weapons
 a - a +0 quarterstaff (weapon)
Missiles
 d - 3 throwing nets (quivered)
 j - 26 stones
Armour
 b - a +0 leather armour (worn)
 c - a +0 helmet
Jewellery
 g - a +3 ring of evasion {unknown}
Scrolls
 e - a scroll of identify {unknown}
 k - 3 scrolls of remove curse {unknown}
 m - a scroll of teleportation {unknown}
 n - 2 scrolls of enchant armour {unknown}
 o - a scroll of amnesia {unknown}
Potions
 h - a potion of degeneration {unknown}
 i - a potion of berserk rage {unknown}
 l - a potion of lignification {unknown}
Comestibles
 f - 4 rations


   Skills:
 + Level 2.1 Fighting
 + Level 3.1 Staves
 + Level 1.9 Throwing
 + Level 0.1 Armour
 + Level 3.5 Dodging


You had 2 spell levels left.
You didn't know any spells.
Your spell library was empty.

Dungeon Overview and Level Annotations

Branches:
Dungeon (2/15)

Altars:
Xom

Annotations:
D:2 Natasha


Innate Abilities, Weirdness & Mutations

You have a pair of small horns on your head.
Your flesh is cold resistant. (rC+)


Message History

Natasha claws you but does no damage. x2
You hit Natasha but do no damage. You headbutt Natasha.
Natasha is severely wounded.
Natasha completely misses you.
You are feeling hungry.
You miss Natasha. You headbutt Natasha.
Natasha is almost dead.
Natasha casts a spell at you. The magic dart hits you!
* * * LOW HITPOINT WARNING * * *
Natasha barely misses you.
You barely miss Natasha. Your headbutt misses Natasha.
Natasha is almost dead.
Natasha barely misses you.
Natasha casts a spell.
You hit Natasha but do no damage.
Natasha is almost dead.
Natasha closely misses you. The iron imp hits you!
You die...
Xom cackles wildly!

#..####.# #........
####.##.....
............
............
#.################.....
..............#........
?#.####..#####.##.##.#.#
.......@5............#.#
.......h................
.#.####..............#.#
# #..###.#.#.....#.#
.......#.#.#.#.# #
##.###.#.#.#.#.#.# ...
........#.#.#
.....#.#.#...... #...
#.#.<......


You could see an iron imp and Natasha.

Vanquished Creatures
  A worker ant (D:2)
  A dart slug (D:1)
  A ball python (D:2)
  A giant cockroach (D:1)
  2 goblins (D:1)
  6 hobgoblins
  2 bats
  2 frilled lizards (D:1)
  3 rats (D:1)
19 creatures vanquished.

Notes
Turn   | Place    | Note
-------+----------+-------------------------------------------
     0 | D:1      | Flure the Demonspawn Gladiator began the quest for the Orb.
     0 | D:1      | Reached XP level 1. HP: 16/16 MP: 1/1
   355 | D:1      | Gained mutation: You have a pair of small horns on your
                  | head. [demonic ancestry]
   355 | D:1      | Reached XP level 2. HP: 22/22 MP: 2/2
   752 | D:2      | Gained mutation: Your flesh is cold resistant. (rC+)
                  | [demonic ancestry]
   752 | D:2      | Reached XP level 3. HP: 19/27 MP: 3/3
   948 | D:2      | Found a faded altar of an unknown god.
   994 | D:2      | Became a worshipper of Xom the Unpredictable
  1063 | D:2      | Noticed Natasha
  1068 | D:2      | XOM: potion effect (brilliance)
  1074 | D:2      | Slain by an iron imp

Skill      XL: |  1  2 |
---------------+-------+-----
Staves         | 3 |  3.1
Dodging        | 3 |  3.5
Fighting       | |  2.1
Throwing       | |  1.9
Armour         | |  0.1

Action                   || total
-------------------------++-------
Melee: Quarterstaff      ||    51
       Headbutt          ||     4
Armor: Leather armour    ||    17
Dodge: Dodged            ||    30
